 Dungeon Sprint DCSS version 0.27-a0-409-gd57800a693 (webtiles) character file.

Game seed: 1087447582185848397

22578 Gaff the Slayer (level 12, -45/111 HPs)
             Began as a Minotaur Berserker on Feb 23, 2021.
             Was the Champion of Trog.
             Killed from afar by a fire giant (54 damage)
             ... with a bolt of fire
             ... in the Dungeon (Sprint I: "Red Sonja").
             The game lasted 00:44:54 (6750 turns).

Gaff the Slayer (Minotaur Berserker)                Turns: 6750, Time: 00:44:55

Health: -45/111    AC: 10    Str: 22    XL:     12   Next: 64%
Magic:  2/2        EV: 15    Int:  4    God:    Trog [******]
Gold:   2408       SH:  5    Dex:  9    Spells: 11/11 levels left

rFire    . . .     SeeInvis +   Q - +6 great mace (antimagic)
rCold    . . .     Faith    .   (shield currently unavailable)
rNeg     . . .     Spirit   .   l - +4 scale mail "Ufuadal" {+Fly}
rPois    .         Reflect  +   (helmet restricted)
rElec    .         Harm     .   (no cloak)
rCorr    .         Rampage  .   (no gloves)
Will     ++...     Rnd*Rage +   (no boots) Stlth +.........NoTele +
                                J - amulet of reflection
HPRegen  1.00/turn              I - ring of see invisible
MPRegen  0.08/turn              (no ring)

@: regenerating
A: retaliatory headbutt, horns 2, berserk 2, blurry vision 3, clumsy 1, deformed
body, deterioration 2, frail 2, low mp 3, inhibited regeneration, weak 2,
subdued magic 1
a: Renounce Religion, Evoke Flight, Berserk, Trog's Hand, Brothers in Arms


You were in the Dungeon.
You worshipped Trog.
Trog was exalted by your worship.
You visited 1 branch You collected 3672 gold pieces.
You spent 1264 gold pieces at shops.

Inventory:

Hand Weapons
 a - a +0 mace
 j - a +0 scythe
 n - a +2 dagger of distortion
 p - the +9 great mace "Zeredex" {flame, *Noise rN+++ MP-9 Int+4}
   (Trog gifted it to you in the Dungeon)

   It has been specially enchanted to burn those struck by it, causing extra
   injury to most foes and up to half again as much damage against particularly
   susceptible opponents.
   It affects your intelligence (+4).
   It renders you almost immune to negative energy.
   It affects your magic capacity (-9).
   It may make noises in combat.
 u - a +7 broad axe
 w - a +0 shortbow
 z - a +3 vorpal battleaxe
 A - a +4 vorpal mace
 B - a +3 lajatang
 C - the +7 executioner's axe "Nyimm" {flame, rElec rPois Int+2}
   (Trog gifted it to you in the Dungeon)

   It has been specially enchanted to burn those struck by it, causing extra
   injury to most foes and up to half again as much damage against particularly
   susceptible opponents.
   Big, fiery blades are also staple armaments of hydra-hunters.
   It affects your intelligence (+2).
   It insulates you from electricity.
   It protects you from poison.
 D - a +2 broad axe
 G - a +1 rapier of venom
 L - a +0 war axe of freezing
 M - a +5 hand axe of electrocution
 Q - a +6 antimagic great mace (weapon)
 R - a +1 vorpal quarterstaff
Missiles
 k - 55 stones
 o - 9 curare-tipped darts
 t - 16 bolts
 x - 76 arrows
 y - 9 poisoned darts (quivered)
Armour
 b - a +0 animal skin
 i - a +0 leather armour
 l - the +4 scale mail "Ufuadal" (worn) {+Fly}
   (You bought it in a shop in the Dungeon)

   It lets you fly.
 v - a +2 buckler of fire resistance
 N - a +1 leather armour of poison resistance
 O - a +0 ring mail
 P - a +0 leather armour
Jewellery
 I - a ring of see invisible (left hand)
 J - an amulet of reflection (around neck)
Wands
 m - a wand of flame (18)
 s - a wand of mindburst (15)
Scrolls
 h - 2 scrolls of blinking
 q - a scroll of enchant weapon {unknown}
 E - 3 scrolls of identify {unknown}
 F - a scroll of amnesia {unknown}
 K - 2 scrolls of enchant armour {unknown}
Potions
 c - 4 potions of curing
 d - a potion of heal wounds
 e - a potion of haste
 f - 2 potions of magic
 g - a potion of berserk rage
 r - a potion of resistance {unknown}
 H - a potion of degeneration


   Skills:
 + Level 22.4 Fighting
 + Level 17.7(18.8) Axes
 + Level 11.5(15.9) Maces & Flails
 + Level 13.2 Armour
 + Level 14.3 Dodging
 - Level 5.7 Stealth
 - Level 6.0 Shields


You had 11 spell levels left.
You didn't know any spells.
Your spell library was empty.

Dungeon Overview and Level Annotations

Branches:
Dungeon (1/1)

Altars:
Cheibriados
Dithmenos
Elyvilon
Fedhas
Gozag
Hepliaklqana
Kikubaaqudgha
Makhleb
Nemelex Xobeh
Okawaru
Qazlal
Ru
Sif Muna
Trog
Uskayaw
Vehumet
Wu Jian
Xom
Yredelemnul
Zin
The Shining One
Jiyva
Lugonu

Shops:
D ??((=:([[[=!?**[:*=[[(


Innate Abilities, Weirdness & Mutations

You reflexively headbutt those who attack you in melee.
You have a pair of horns on your head.
You often lose your temper in combat.
Scrolls take you much longer to read.
You are clumsy. (Dex -2)
Armour fits poorly on your strangely shaped body.
Your body often deteriorates upon taking damage.
You are very frail. (-20% HP)
Your magical capacity is extremely low. (-30% MP)
You do not regenerate when monsters are visible.
You are very weak. (Str -4)
Your spells are a little easier to cast, but a little less powerful.


Message History

[the floor.] Unknown command.
You open the door.
There is an open door here.
Press: ? - help, . - travel You can't see that place. [a stone wall.]
There is an open door here.
You close the door.
The +7 executioner's axe "Nyimm" {flame, rElec rPois Int+2} stops flaming.
You feel magic leave you.
Q - a +6 antimagic great mace (weapon)
You open the door.
There is an open door here.
The fire giant shouts!
A fire giant comes into view.
It is wielding a +2 great sword of flaming.
The fire giant casts a spell at you. The bolt of fire hits you!!!
The fire giant points at you and mumbles some strange words.
The bolt of fire hits you!!!
* * * LOW HITPOINT WARNING * * *
The fire giant shouts!
You hear a shout!
There is an open door here.
You close the door.
You start resting.
A fire giant opens the door.
It is wielding a +1 great sword of flaming.
Your skin crawls.
You feel strong-willed.
Your stone giant goes berserk!
The fire giant hits you with a +1 great sword of flaming!
* * * LOW HITPOINT WARNING * * *
The fire giant burns you.
* * * LOW HITPOINT WARNING * * *
Your stone giant rages.
You swap places.
Your stone giant hits the fire giant!!
The fire giant casts a spell at you.
The bolt of fire hits the fire giant!
The fire giant resists.
The bolt of fire hits your stone giant!!!
The bolt of fire hits you!!!
You die...

##..'.#'#$###§# ()##..#§§§..#...#
##'####^.$#y#§##$$$#..##.§§.#.∩.#
#...^.#..$###.§###$#..≈###§##.§.#
#...^.'..$$$##§#A#$#..≈e #.####§#
###..^#^....#..###$#..≈(##§#§§§.#
'§#.°^###''##.##..$#..≈##§§.§§§.§
#§#.^###..###..#+###..≈#^§...§.§.
#§#.^####..###...# ≈..##.§§.....§
#§##'#..#..#.###@# #..§.§.....
#§##.#.......°.#C# #...§......
§§####..○.....°#C# ##.§§..^.^^
#§#..'......####'# #.§.§§....
#§#####...###...C# ##.§...... §.#
#####...#### ##......# ###
.C.C.## ######## .###


You could see 2 fire giants and a friendly stone giant (summoned, berserk).

Vanquished Creatures
  A golden dragon (D)
  A shadow dragon (D)
  A lorocyproca (D)
  2 centaur warriors (D)
  Sonja (D)
  A deep troll (D)
  7 unseen horrors (D)
  A lindwurm (D)
  An oklob plant (D)
  8 shining eyes (D)
  2 merfolk sirens (D)
  A gargoyle (D)
  2 kobold demonologists (D)
  4 demonic crawlers (D)
  A hellwing (D)
  A hornet (D)
  A slime creature (D)
  Sigmund (D)
  2 redbacks (D)
  A yak (D)
  13 hogs (D)
  6 floating eyes (D)
  7 necrophages (D)
  An ogre (D)
  8 jellies (D)
  Ijyb (D)
  A ballistomycete spore (D)
77 creatures vanquished.

Vanquished Creatures (collateral kills)
  A hydra (D)
  A floating eye (D)
2 creatures vanquished.

Vanquished Creatures (others)
  A gargoyle (D)
  A ballistomycete spore (D)
2 creatures vanquished.

Grand Total: 81 creatures vanquished

Notes
Turn   | Place    | Note
-------+----------+-------------------------------------------
     0 | D        | Gaff the Minotaur Berserker began the quest for the Orb.
     0 | D        | Reached XP level 1. HP: 19/19 MP: 0/0
     1 | D        | Noticed Ijyb
     9 | D        | Killed Ijyb
    10 | D        | Reached skill level 5 in Fighting
    10 | D        | Reached skill level 5 in Maces & Flails
    10 | D        | Reached XP level 2. HP: 22/29 MP: 1/1
    86 | D        | Noticed an ogre
    91 | D        | Killed an ogre
    92 | D        | Reached skill level 7 in Fighting
    92 | D        | Reached XP level 3. HP: 23/40 MP: 2/2
    92 | D        | Reached XP level 4. HP: 28/48 MP: 3/3
   368 | D        | Noticed Sigmund
   373 | D        | Killed Sigmund
   373 | D        | Reached ** piety under Trog
   374 | D        | Reached skill level 9 in Fighting
   374 | D        | Reached skill level 10 in Maces & Flails
   374 | D        | Reached skill level 5 in Armour
   374 | D        | Reached skill level 5 in Dodging
   374 | D        | Reached XP level 5. HP: 46/58 MP: 4/4
   374 | D        | Reached XP level 6. HP: 52/66 MP: 5/5
   451 | D        | Found an ornate altar of the Wu Jian Council.
   451 | D        | Found a shimmering blue altar of Sif Muna.
   453 | D        | Found a radiant altar of Vehumet.
   456 | D        | Reached skill level 10 in Fighting
   479 | D        | Found Pimoidok's Weapon Emporium.
   479 | D        | Found an ancient bone altar of Kikubaaqudgha.
   479 | D        | Found a hazy altar of Hepliaklqana.
   479 | D        | Found a stormy altar of Qazlal.
   479 | D        | Found a hide-covered altar of Uskayaw.
   479 | D        | Found a blossoming altar of Fedhas.
   479 | D        | Found a bloodstained altar of Trog.
   479 | D        | Found an iron altar of Okawaru.
   479 | D        | Found a basalt altar of Yredelemnul.
   479 | D        | Found a glowing golden altar of the Shining One.
   479 | D        | Found a snail-covered altar of Cheibriados.
   479 | D        | Found a sacrificial altar of Ru.
   479 | D        | Found a glowing silver altar of Zin.
   479 | D        | Found a shadowy altar of Dithmenos.
   479 | D        | Found a white marble altar of Elyvilon.
   479 | D        | Noticed a yak
   486 | D        | Killed a yak
   487 | D        | Found an opulent altar of Gozag.
   488 | D        | Found a sparkling altar of Nemelex Xobeh.
   633 | D        | Found a viscous altar of Jiyva.
   633 | D        | Found a corrupted altar of Lugonu.
   633 | D        | Noticed a slime creature
   634 | D        | Found a burning altar of Makhleb.
   634 | D        | Found a shimmering altar of Xom.
   644 | D        | Killed a slime creature
   644 | D        | Reached *** piety under Trog
   645 | D        | Reached skill level 12 in Fighting
   645 | D        | Reached XP level 7. HP: 25/77 MP: 6/6
   910 | D        | Bought the +1 war axe "Minotaur's Death" {holy, Fragile rN+
                  | SInv} for 253 gold pieces
   920 | D        | Noticed a centaur warrior
   920 | D        | Noticed a centaur warrior
   941 | D        | Noticed a kobold demonologist
   942 | D        | Noticed a kobold demonologist
   949 | D        | Killed a kobold demonologist
   950 | D        | Reached skill level 13 in Fighting
   952 | D        | Reached XP level 8. HP: 88/88 MP: 7/7
   965 | D        | Killed a kobold demonologist
   965 | D        | Reached **** piety under Trog
   966 | D        | Reached skill level 14 in Fighting
  1161 | D        | Noticed a demonic crawler
  1161 | D        | Noticed a demonic crawler
  1161 | D        | Noticed a demonic crawler
  1161 | D        | Noticed a demonic crawler
  1167 | D        | Killed a demonic crawler
  1167 | D        | Killed a demonic crawler
  1168 | D        | Reached skill level 15 in Fighting
  1168 | D        | Reached skill level 5 in Axes
  1170 | D        | Killed a demonic crawler
  1170 | D        | Reached ***** piety under Trog
  1171 | D        | Reached XP level 9. HP: 68/97 MP: 8/8
  1175 | D        | Killed a demonic crawler
  1492 | D        | Noticed Sonja
  1502 | D        | Killed Sonja
  1502 | D        | Received a gift from Trog
  1503 | D        | Reached skill level 16 in Fighting
  1503 | D        | Reached skill level 10 in Armour
  1586 | D        | Got a bloodstained great mace {god gift}
  1604 | D        | Found Ximei's Magic Scroll Boutique.
  1624 | D        | Noticed a deep troll
  1632 | D        | Killed a deep troll
  1633 | D        | Reached skill level 10 in Dodging
  1657 | D        | Killed a gargoyle
  1919 | D        | Noticed a lindwurm
  1928 | D        | Killed a lindwurm
  1929 | D        | Reached skill level 10 in Axes
  2159 | D        | Reached skill level 1 in Stealth
  2159 | D        | Reached XP level 10. HP: 90/110 MP: 9/9
  2169 | D        | Reached skill level 17 in Fighting
  2201 | D        | Received a gift from Trog
  2203 | D        | Reached ****** piety under Trog
  2406 | D        | Noticed a 12-headed hydra
  2412 | D        | Noticed a daeva
  2452 | D        | Noticed a gargoyle
  2463 | D        | Killed a gargoyle
  2600 | D        | Found Fyess's Armour Emporium.
  2608 | D        | Bought a +2 buckler of fire resistance for 215 gold pieces
  2632 | D        | Killed a centaur warrior
  2632 | D        | Killed a centaur warrior
  2633 | D        | Reached skill level 18 in Fighting
  2797 | D        | Noticed an oklob plant
  2803 | D        | Killed an oklob plant
  2804 | D        | Reached XP level 11. HP: 121/121 MP: 10/10
  2863 | D        | Received a gift from Trog
  2864 | D        | Reached skill level 1 in Shields
  3009 | D        | Noticed an unseen horror
  3009 | D        | Noticed an unseen horror
  3020 | D        | Killed an unseen horror
  3029 | D        | Killed an unseen horror
  3068 | D        | Noticed a shining eye
  3068 | D        | Noticed a shining eye
  3068 | D        | Noticed a shining eye
  3068 | D        | Noticed a shining eye
  3068 | D        | Noticed a shining eye
  3068 | D        | Noticed a shining eye
  3068 | D        | Gained mutation: Your body sometimes deteriorates upon
                  | taking damage. [a shining eye]
  3070 | D        | Paralysed by a floating eye for 4 turns
  3070 | D        | Gained mutation: Your magical capacity is low. (-10% MP) [a
                  | shining eye]
  3071 | D        | Gained mutation: You are frail. (-10% HP) [a shining eye]
  3074 | D        | Gained mutation: Armour fits poorly on your strangely
                  | shaped body. [a shining eye]
  3077 | D        | Gained mutation: Your body often deteriorates upon taking
                  | damage. [a shining eye]
  3078 | D        | Paralysed by a floating eye for 3 turns
  3078 | D        | Gained mutation: Your magical capacity is very low. (-20%
                  | MP) [a shining eye]
  3083 | D        | Gained mutation: You are weak. (Str -2) [a shining eye]
  3085 | D        | Paralysed by a floating eye for 2 turns
  3087 | D        | Gained mutation: Your spells are a little easier to cast,
                  | but a little less powerful. [a shining eye]
  3089 | D        | Killed a shining eye
  3090 | D        | Reached skill level 19 in Fighting
  3090 | D        | Received a gift from Trog
  3090 | D        | Gained mutation: Your magical capacity is extremely low.
                  | (-30% MP) [a shining eye]
  3093 | D        | Gained mutation: You tend to lose your temper in combat. [a
                  | shining eye]
  3095 | D        | Killed a shining eye
  3101 | D        | Killed a shining eye
  3102 | D        | Reached skill level 5 in Shields
  3103 | D        | Gained mutation: You are very frail. (-20% HP) [a shining
                  | eye]
  3104 | D        | Killed a shining eye
  3108 | D        | Killed a shining eye
  3109 | D        | Reached skill level 20 in Fighting
  3110 | D        | Gained mutation: You are very weak. (Str -4) [a shining
                  | eye]
  3112 | D        | Gained mutation: You do not regenerate when monsters are
                  | visible. [a shining eye]
  3116 | D        | Killed a shining eye
  3125 | D        | Noticed a shining eye
  3125 | D        | Noticed a shining eye
  3234 | D        | Gained mutation: You are clumsy. (Dex -2) [a shining eye]
  3234 | D        | Gained mutation: Scrolls take you a little longer to read.
                  | [a shining eye]
  3251 | D        | Gained mutation: You often lose your temper in combat. [a
                  | shining eye]
  3253 | D        | Killed a shining eye
  3253 | D        | Gained mutation: Scrolls take you longer to read. [a
                  | shining eye]
  3254 | D        | Reached skill level 5 in Stealth
  3258 | D        | Gained mutation: Scrolls take you much longer to read. [a
                  | shining eye]
  3261 | D        | Killed a shining eye
  3267 | D        | Paralysed by a floating eye for 2 turns
  3277 | D        | Found Hacwutump's Jewellery Shop.
  3277 | D        | Found Miupsihi's Magic Scroll Shoppe.
  3277 | D        | Found Hesteed's Book Boutique.
  3277 | D        | Found Isheno's Weapon Emporium.
  3360 | D        | Received a gift from Trog
  3493 | D        | Received a gift from Trog
  3503 | D        | Got a transparent executioner's axe {god gift}
  3542 | D        | Received a gift from Trog
  3567 | D        | Found Emnodad's Antique Armour Shoppe.
  3567 | D        | Found Komoituwy's Antique Weapon Shop.
  3567 | D        | Found Bimoy's Antique Armour Boutique.
  3569 | D        | Found Xisixkakh's Armour Emporium.
  3569 | D        | Found Anguc's Jewellery Shop.
  3569 | D        | Found Peqyeng's Distillery.
  3569 | D        | Found Peblof's Magic Scroll Boutique.
  3569 | D        | Found Ruemne Simath's General Store.
  3569 | D        | Found Coref's General Store.
  3569 | D        | Found Qytaxas's Armour Shoppe.
  3572 | D        | Found Viokyexu's Book Boutique.
  3573 | D        | Found Tiuviatuis's Jewellery Emporium.
  3573 | D        | Found Ukovuopt's Assorted Antiques.
  3574 | D        | Found Hiuwymar's Antique Armour Emporium.
  3593 | D        | Bought a potion of degeneration for 13 gold pieces
  3628 | D        | Identified the +7 executioner's axe "Nyimm" {flame, rElec
                  | rPois Int+2} (Trog gifted it to you in the Dungeon)
  3631 | D        | Identified the +9 great mace "Zeredex" {flame, *Noise rN+++
                  | MP-9 Int+4} (Trog gifted it to you in the Dungeon)
  3660 | D        | Bought an ichor-stained scale mail for 243 gold pieces
  3670 | D        | Identified the +4 scale mail "Ufuadal" {+Fly} (You bought
                  | it in a shop in the Dungeon)
  3673 | D        | Bought a ring of see invisible for 180 gold pieces
  3673 | D        | Bought an amulet of reflection for 360 gold pieces
  3799 | D        | Noticed a lorocyproca
  3817 | D        | Killed a lorocyproca
  3818 | D        | Reached skill level 21 in Fighting
  3818 | D        | Reached skill level 15 in Axes
  4863 | D        | Paralysed by a floating eye for 3 turns
  4864 | D        | Killed a 12-headed hydra
  5298 | D        | Noticed a shadow dragon
  5298 | D        | Noticed a golden dragon
  5318 | D        | Killed a golden dragon
  5319 | D        | Reached XP level 12. HP: 46/109 MP: 7/7
  5322 | D        | Killed a shadow dragon
  5323 | D        | Reached skill level 22 in Fighting
  5751 | D        | Found Obunob's Weapon Shoppe.
  5806 | D        | Noticed a deep elf annihilator
  5821 | D        | Received a gift from Trog
  6021 | D        | Identified the +4 war axe of Locoj {protect, Str+4}
  6282 | D        | Received a gift from Trog
  6724 | D        | Noticed a fire giant
  6738 | D        | Noticed a fire giant
  6750 | D        | Killed from afar by a fire giant

Illustrated notes

Levels and vault maps discovered:
D:        dungeon_sprint_1 [red_sonja_temple_1, red_sonja_temple_small_1]

Skill      XL: |  1  2  3  4  5  6  7  8  9 10 11 12 |
---------------+-------------------------------------+-----
Fighting       | 5 7 9 12 13 15 16 18 21 22 | 22.4
Maces & Flails | 5 7 10 11 | 11.5
Armour         | 3 4 5 7 8 9 10 11 13 | 13.2
Dodging        | 3 4 5 6 7 9 10 12 13 14 | 14.3
Axes           | 6 10 14 16 17 | 17.7
Stealth        | 1 2 5 |  5.7
Shields        | 6 |  6.0

Action                   |  1- 3 |  4- 6 |  7- 9 | 10-12 || total
-------------------------+-------+-------+-------+-------++-------
Melee: Mace              |    11 |    22 |       |     9 ||    42
       Headbutt          |     4 |     8 |    10 |    50 ||    72
       War axe           |       |       |    58 |   152 ||   210
       Executioner's axe |       |       |       |    29 ||    29
Throw: Dart              |       |       |       |     6 ||     6
Invok: Berserk           |     1 |       |     5 |     8 ||    14
       Trog's Hand       |       |       |       |     2 ||     2
       Brothers in Arms  |       |       |       |     2 ||     2
 Stab: Sleeping          |       |       |       |     2 ||     2
Armor: Animal skin       |     1 |       |       |       ||     1
       Leather armour    |       |       |     7 |    12 ||    19
       Scale mail        |       |       |       |    24 ||    24
Dodge: Dodged            |     6 |     8 |    45 |    72 ||   131
Block: Buckler           |       |       |       |    16 ||    16
       Other             |       |       |       |    17 ||    17
       Reflection        |       |       |       |     1 ||     1

Table legend: (Time is in decaauts)
 A = Elapsed time spent in this place.
 B = Non-inter-level travel time spent in this place.
 C = Inter-level travel time spent in this place.
 D = Time resting spent in this place.
 E = Time spent auto-exploring this place.
 F = Levels seen in this place.
 G = Mean time per level.
                   A        B        C        D        E       F      G
               +--------+--------+--------+--------+--------+-----+--------+
         Total |   6834 |   6686 |    148 |   4993 |      0 |   1 | 6834.0 |
       Dungeon |   6834 |   6686 |    148 |   4993 |      0 |   1 | 6834.0 |
               +--------+--------+--------+--------+--------+-----+--------+

Top non-repeatable levels by time:
       D: 6834 daAuts
